 Dungeon Crawl Stone Soup version 0.28.0-45-g0d030f2227 (webtiles) character file.

Game seed: 1622318392659585173

429 selver the Slasher (level 6, -2/47 HPs)
             Began as a Demonspawn Berserker on Apr 10, 2022.
             Was a Priest of Trog.
             Slain by a scorpion (7 damage)
             ... on level 5 of the Dungeon.
             The game lasted 00:12:43 (5661 turns).

selver the Slasher (Demonspawn Berserker)           Turns: 5661, Time: 00:12:43

Health: -2/47      AC:  6    Str: 19    XL:     6   Next: 66%
Magic:  6/6        EV: 11    Int:  8    God:    Trog [***...]
Gold:   265        SH:  0    Dex: 13    Spells: 5/5 levels left

rFire   + . .      SeeInvis .   a - +1 dagger (venom)
rCold   + . .      Faith    .   (no shield)
rNeg    . . .      Spirit   .   j - +0 leather armour
rPois   +          Reflect  .   (no helmet)
rElec   +          Harm     .   (no cloak)
rCorr   +          Rampage  .   h - +2 pair of gloves
Will    .....                   (no boots)
Stlth   +.........              (no amulet)
HPRegen 0.15/turn               (no ring)
MPRegen 0.10/turn               (no ring)

@: lethally poisoned (-2 -> -14), resistant, very slow
A: hooves 1, powered by pain 2
a: Renounce Religion, Berserk, Trog's Hand


You were on level 5 of the Dungeon.
You worshipped Trog.
Trog was most pleased with you.
You visited 1 branch of the dungeon, and saw 5 of its levels.

You collected 265 gold pieces.

Inventory:

Hand Weapons
 a - a +1 dagger of venom (weapon)
 b - a +0 falchion
Missiles
 c - 156 stones (quivered)
Armour
 d - a +0 animal skin
 e - a +0 chain mail
 h - a +2 pair of gloves (worn)
 j - a +0 leather armour (worn)
 l - a +0 scale mail
Jewellery
 i - a ring of fire
 o - a +4 ring of evasion
Scrolls
 g - a scroll of teleportation {unknown}
 k - a scroll of magic mapping {unknown}
 m - 4 scrolls of identify
 n - a scroll of amnesia {unknown}
 p - a scroll of summoning {unknown}
 s - a scroll of fear {unknown}
 t - a scroll of fog {unknown}
Potions
 q - a potion of mutation
 r - a potion of resistance


   Skills:
 - Level 3.0 Fighting
 + Level 6.6 Long Blades
 - Level 1.7 Armour
 - Level 1.7 Dodging
 - Level 2.0 Stealth


You had 5 spell levels left.
You didn't know any spells.
Your spell library was empty.

Dungeon Overview and Level Annotations

Branches:
Dungeon (5/15)
 Temple: D:4-7

Altars:

Shops:
D:2 [   D:3 [


Innate Abilities, Weirdness & Mutations

You have large cloven feet.
You sometimes gain power by taking damage.


Message History

The gnoll sergeant barely misses you.
You closely miss the gnoll sergeant.
The gnoll sergeant hits you with a +0 spear.
You are too injured to fight recklessly!
The gnoll sergeant hits you from afar with a +0 spear.
As you read the scroll labelled KINWAO NEBI, it crumbles to dust.
It is a scroll of identify.
q - a potion of mutation The gnoll sergeant closely misses you.
You open the door.
A scorpion and a hound come into view.
The gnoll sergeant barely misses you.
Found a scroll labelled SEOMYA ZOUVAS and a +0 whip.
The gnoll shouts! x2; The hound barks!
You hear a shout! x2
The hound completely misses you.
There is an open door here.
An orc comes into view. It is wielding a +0 war axe.
The hound bites you but does no damage.
You enter the shallow water.
Moving in this stuff is going to be slow.
The hound barely misses you.
The scorpion stings you but does no damage.
The hound bites you.
An orc comes into view. It is wielding a +0 hand axe.
The gnoll barely misses you. The scorpion closely misses you.
The gnoll sergeant hits you from afar with a +0 spear.
* * * LOW HITPOINT WARNING * * *
The gnoll splashes around in the water.
Why would you want to do that?
The orc shouts!
The hound closely misses you. The scorpion stings you.
* * * LOW HITPOINT WARNING * * *
You are lethally poisoned!
The scorpion poisons you!
A gnoll comes into view. It is wielding a +0 spear.
The gnoll sergeant hits you from afar with a +0 spear.
* * * LOW HITPOINT WARNING * * *
The hound misses you. The gnoll hits you but does no damage.
The scorpion stings you!
You die...

#.####
#.≈≈≈o.#.#
#.≈≈≈≈.#.#
#.≈≈≈≈.#.#
#.≈≈≈≈)#g#
#.≈≈≈≈.#.#
#.≈≈≈≈o#.#
#.≈≈≈g?#.#
#.≈@g≈.#.#
#..sh..#.#
####g###.#
#.g...#
#######


You could see a gnoll sergeant, a scorpion, a hound, 3 gnolls and 2 orcs.

Vanquished Creatures
  A scorpion (D:5)
  An orc priest (D:2)
  A centaur skeleton (D:5)
  A bullfrog skeleton (D:5)
  Ijyb (D:4)
  An orc wizard (D:4)
  5 gnolls
  8 adders
  A white imp (D:5)
  An ufetubus (D:4)
  2 worms
  2 dart slugs
  9 orcs
  8 ball pythons
  4 endoplasms
  4 giant cockroaches
  5 goblins
  8 hobgoblins
  5 quokkas
  6 bats
  4 frilled lizards
  A jackal skeleton (D:4)
  12 kobolds
  7 rats
98 creatures vanquished.

Notes
Turn   | Place    | Note
-------+----------+-------------------------------------------
     0 | D:1      | selver the Demonspawn Berserker began the quest for the
                  | Orb.
     0 | D:1      | Reached XP level 1. HP: 18/18 MP: 1/1
   152 | D:1      | Reached skill level 3 in Long Blades
   536 | D:1      | Gained mutation: You sometimes gain a little power by
                  | taking damage. [demonic ancestry]
   536 | D:1      | Reached XP level 2. HP: 17/24 MP: 2/2
  1102 | D:1      | Found a faded altar of an unknown god.
  1346 | D:2      | Found Meniff's Armour Shop.
  1369 | D:2      | Reached ** piety under Trog
  1419 | D:2      | Reached skill level 4 in Long Blades
  1419 | D:2      | Gained mutation: You sometimes gain power by taking damage.
                  | [demonic ancestry]
  1419 | D:2      | Reached XP level 3. HP: 26/29 MP: 3/3
  1747 | D:1      | Reached XP level 4. HP: 31/35 MP: 4/4
  2310 | D:2      | You fall into a shaft and drop 1 floor!
  2737 | D:2      | Reached skill level 5 in Long Blades
  3305 | D:2      | Reached XP level 5. HP: 40/41 MP: 5/5
  3345 | D:3      | Reached *** piety under Trog
  3474 | D:3      | Reached skill level 1 in Stealth
  3668 | D:3      | Found Enit's Antique Armour Boutique.
  4081 | D:4      | Noticed Ijyb
  4104 | D:4      | Killed Ijyb
  4855 | D:4      | Gained mutation: You have large cloven feet. [demonic
                  | ancestry]
  4855 | D:4      | Reached XP level 6. HP: 45/47 MP: 6/6
  5005 | D:5      | Entered Level 5 of the Dungeon
  5186 | D:5      | Reached skill level 6 in Long Blades
  5661 | D:5      | Slain by a scorpion

Illustrated notes

Levels and vault maps discovered:
D:1:      minmay_arrival_four_circles, layout_basic,
          shapermc_ecumenical_altar_acropolis
D:2:      layout_loops_ring, serial_shops, shop, minivault_25
D:3:      layout_rooms, serial_shops, nicolae_shop_hallway_plus, moated_statue,
          kennysheep_generic_room_2
D:4:      kennysheep_six_static_rooms, layout_loops_ring,
          nicolae_elevator_lobby_asterisk, uniq_ijyb
D:5:      layout_layer_cave, nrook_pool_corridor

Skill      XL: |  1  2  3  4  5  6 |
---------------+-------------------+-----
Long Blades    | 3 4 5 6 |  6.6
Stealth        | 1 2 |  2.0
Fighting       | |  3.0
Armour         | |  1.7
Dodging        | |  1.7

Action                   |  1- 3 |  4- 6 || total
-------------------------+-------+-------++-------
Melee: Falchion          |    22 |     7 ||    29
       Dagger            |    67 |   249 ||   316
       Punch             |     2 |     3 ||     5
       Kick              |       |    16 ||    16
  Use: Potion            |       |     3 ||     3
       Scroll            |       |     1 ||     1
 Stab: Sleeping          |       |     4 ||     4
       Distracted        |       |     1 ||     1
Armor: Animal skin       |    11 |       ||    11
       Leather armour    |    14 |    93 ||   107
Dodge: Dodged            |    84 |   157 ||   241
